 Dungeon Crawl Stone Soup version 0.18.1-8-gdd0e5ea (webtiles) character file.

2538 Hipnos the Geomancer (level 9, -3/52 HPs)
             Began as a Gargoyle Earth Elementalist on May 28, 2016.
             Was a Believer of Vehumet.
             Hit by a tomahawk thrown by an orc warrior (10 damage)
             ... on level 7 of the Dungeon.
             The game lasted 00:36:43 (9965 turns).

Hipnos the Geomancer (Gargoyle Earth Elementalist)  Turns: 9965, Time: 00:36:44

Health: -3/52      AC:  9    Str: 11    XL:     9   Next: 55%
Magic:  7/28       EV: 12    Int: 23    God:    Vehumet [**....]
Gold:   402        SH:  3    Dex: 10    Spells: 5 memorised, 6 levels left

rFire  + . .     SeeInvis .     D - -2 whip (curse)
rCold  . . .     Gourm    .     A - +0 leather armour
rNeg   + + .     Faith    .     n - +0 buckler
rPois  ∞         Spirit   .     (no helmet)
rElec  +         Dismiss  +     (no cloak)
rCorr  .         Reflect  .     (no gloves)
SustAt .         Harm     .     (no boots)
MR     .....                    q - amulet of dismissal
Stlth  ++........               m - ring of magical power
                                b - ring "Doruciu" {+Blink rF+ rN+ Int+3}

@: not resistant to hostile enchantments, unstealthy
A: yellow scales 1, deformed body, negative energy resistance 1, robust 1,
electricity resistance, unbreathing, petrification resistance, rot immunity, AC
+5
a: Renounce Religion, Evoke Blink


You were on level 7 of the Dungeon.
You worshipped Vehumet.
Vehumet was pleased with you.
You were hungry.

You visited 2 branches of the dungeon, and saw 9 of its levels.

You collected 402 gold pieces.

Inventory:

Hand Weapons
 e - a cursed -2 morningstar
 l - a +0 whip
 D - a cursed -2 whip (weapon)
Missiles
 g - 175 stones (quivered)
Armour
 a - a +0 robe
 f - a +0 shield
 n - a +0 buckler (worn)
 A - a +0 leather armour (worn)
Jewellery
 b - the ring "Doruciu" (left hand) {+Blink rF+ rN+ Int+3}
   (You found it on level 7 of the Dungeon)

   [ring of positive energy]

   It affects your intelligence (+3).
   It protects you from fire.
   It protects you from negative energy.
   It lets you blink.
 m - a ring of magical power (right hand)
 q - an amulet of dismissal (around neck)
 u - an uncursed amulet of dismissal
Wands
 o - a wand of lightning (12/15)
 w - a wand of polymorph (19/24)
Scrolls
 i - 3 scrolls of noise
 k - 3 scrolls of identify
 v - 3 scrolls of magic mapping
 x - 2 scrolls of recharging
Potions
 t - 2 potions of magic
 z - 2 potions of cure mutation
 C - a potion of flight
Books
 c - a book of Geomancy

   Spells                             Type                      Level
   a - Sandblast                      Earth                        1
   b - Passwall                       Transmutation/Earth          2
   c - Stone Arrow                    Conjuration/Earth            3
   d - Petrify                        Transmutation/Earth          4
   e - Lee's Rapid Deconstruction     Earth                        5
Comestibles
 d - 4 bread rations
 j - 3 royal jellies
 r - 3 fruits
 s - 2 meat rations


   Skills:
 + Level 1.9 Fighting
 + Level 0.6 Maces & Flails
 + Level 3.2 Armour
 + Level 4.0 Dodging
 - Level 2.1 Stealth
 + Level 0.9 Shields
 + Level 6.9 Spellcasting
 - Level 0.7 Transmutations
 * Level 10.5 Earth Magic


You had 6 spell levels left.
You knew the following spells:

 Your Spells              Type           Power        Failure   Level  Hunger
a - Sandblast             Erth           ######       1%          1    None
b - Stone Arrow           Conj/Erth      ####..       6%          3    None
c - Petrify               Trmt/Erth      ####....     17%         4    ###....
d - Lee's Rapid Deconstr  Erth           ######....   8%          5    #####..
e - Throw Flame           Conj/Fire      #.....       24%         2    None


Dungeon Overview and Level Annotations

Branches:
Dungeon (8/15)             Temple (1/1) D:4
   Lair: D:8-11

Altars:
Ashenzari
Cheibriados
Dithmenos
Gozag
Kikubaaqudgha
Sif Muna
Trog
Vehumet

Annotations:
D:4 urechis's ghost, amateur VSMo


Innate Abilities, Weirdness & Mutations

You are resistant to torment.
Your stone body is resilient (AC +5).
You are immune to poison.
You resist negative energy.
You are resistant to electric shocks.
You can survive without breathing.
You are immune to petrification.
You are immune to rotting.
You are partially covered in yellow scales (AC +2).
Armour fits poorly on your strangely shaped body.
You are robust (+10% HP).


Message History

The blast of sand hits the iguana.
The iguana is moderately wounded.
The iguana bites you!
* * * LOW HITPOINT WARNING * * *
Drink which item? (? for menu, Esc to quit)
Okay, then.
Read which item? (? for menu, Esc to quit)
As you read the scroll of fear, it crumbles to dust.
You assume a fearsome visage.
The iguana looks frightened!
Found a potion of agility.
You see here a ring mail.
An orc and an orc warrior come into view.
The orc warrior shouts!
The orc moves out of view.
An orc and an orc wizard come into view.
The orc shouts! x2; The orc wizard shouts!
The orc warrior throws a tomahawk.
The tomahawk barely misses you.
You see here a potion of agility.
The orc warrior throws a tomahawk.
The tomahawk hits you!
You die...

.....?.# #...........
......l######.#######
######........#
#........#.#####
#........#.#o..
#........#


ooo #........# #.####.# #........###!.....# #......[...@(.#####
#############...... ###### You could see an orc warrior and 2 orcs.

Vanquished Creatures
  A hungry ghost (D:7)
  Menkaure (D:7)
  2 orc warriors
  2 sky beasts
  A phantom (D:5)
  3 ogres
  2 centaurs (D:6)
  4 giant frogs
  A scorpion (D:7)
  A howler monkey (D:7)
  4 crimson imps
  2 giant frog zombies (D:6)
  4 hounds
  A jelly (D:6)
  2 orc priests (D:6)
  A giant frog skeleton (D:5)
  A centaur skeleton (D:7)
  Natasha (thrice) (D:2)
  3 orc wizards (D:6)
  4 worker ants
  2 killer bee zombies (D:7)
  2 sheep (D:6)
  3 hound zombies
  A worker ant zombie (D:5)
  Robin (D:3)
  5 gnolls
  4 adders
  An adder skeleton (D:5)
  3 dart slugs
  2 giant geckos (D:6)
  22 orcs
  A ball python (D:2)
  5 giant cockroaches
  12 goblins
  11 hobgoblins
  18 jackals
  8 kobolds
  3 quokkas
  4 bats (D:1)
  2 giant gecko zombies
  6 giant newts
  A quokka zombie (D:5)
  8 rats
168 creatures vanquished.

Notes
Turn   | Place    | Note
--------------------------------------------------------------
     0 | D:1      | Hipnos the Gargoyle Earth Elementalist began the quest for the Orb.
     0 | D:1      | Reached XP level 1. HP: 10/10 MP: 3/3
   157 | D:1      | Reached XP level 2. HP: 15/15 MP: 3/5
   168 | D:1      | Reached skill level 4 in Earth Magic
   597 | D:1      | Reached XP level 3. HP: 16/19 MP: 0/6
  1280 | D:2      | Found a bloodstained altar of Trog.
  1284 | D:2      | Found a shattered altar of Ashenzari.
  1454 | D:2      | Noticed Natasha
  1460 | D:2      | Killed Natasha
  1460 | D:2      | Reached XP level 4. HP: 19/24 MP: 0/8
  1892 | D:2      | Noticed Natasha
  1898 | D:2      | Killed Natasha
  1906 | D:2      | Noticed Natasha
  1911 | D:2      | Killed Natasha
  1911 | D:2      | Reached skill level 5 in Earth Magic
  1911 | D:2      | Reached XP level 5. HP: 21/28 MP: 2/10
  2060 | D:3      | Learned a level 3 spell: Stone Arrow
  2065 | D:3      | Learned a level 4 spell: Petrify
  2147 | D:3      | Noticed Robin
  2273 | D:3      | Killed Robin
  3134 | D:4      | Noticed urechis's ghost (amateur VSMo)
  3153 | D:4      | Found a staircase to the Ecumenical Temple.
  3161 | Temple   | Entered the Ecumenical Temple
  3225 | Temple   | Became a worshipper of Vehumet
  3370 | D:4      | Reached XP level 6. HP: 10/32 MP: 7/11
  4218 | D:4      | Reached skill level 1 in Armour
  4588 | D:5      | Entered Level 5 of the Dungeon
  4816 | D:6      | Reached skill level 6 in Earth Magic
  4817 | D:6      | Noticed an orc warrior
  4929 | D:7      | Reached XP level 7. HP: 37/37 MP: 2/13
  5339 | D:6      | Reached skill level 7 in Earth Magic
  5718 | D:7      | Reached skill level 5 in Spellcasting
  5729 | D:7      | Noticed Menkaure
  5733 | D:7      | Gained mutation: Armour fits poorly on your strangely shaped body. [potion of mutation]
  5733 | D:7      | Gained mutation: You are partially covered in yellow scales (AC +2). [potion of mutation]
  5733 | D:7      | Gained mutation: You are robust (+10% HP). [potion of mutation]
  5738 | D:7      | HP: 2/40 [Menkaure (2)]
  5743 | D:7      | Killed Menkaure
  5743 | D:7      | Reached skill level 1 in Fighting
  5743 | D:7      | Reached XP level 8. HP: 28/47 MP: 15/15
  5838 | D:7      | Reached * piety under Vehumet
  5838 | D:7      | Offered knowledge of Shock by Vehumet.
  5845 | D:7      | Got a flickering marble ring
  5866 | D:7      | Identified the ring "Doruciu" {+Blink rF+ rN+ Int+3} (You found it on level 7 of the Dungeon)
  5887 | D:7      | Reached skill level 8 in Earth Magic
  6272 | D:6      | Found a snail-covered altar of Cheibriados.
  6484 | D:4      | Reached skill level 9 in Earth Magic
  7975 | D:5      | Reached XP level 9. HP: 33/52 MP: 18/18
  8378 | D:6      | Found a bloodstained altar of Trog.
  8485 | D:6      | Reached skill level 10 in Earth Magic
  8507 | D:6      | Reached ** piety under Vehumet
  8609 | D:6      | Offered knowledge of Throw Flame by Vehumet.
  9003 | D:5      | Learned a level 5 spell: Lee's Rapid Deconstruction
  9006 | D:5      | Learned a level 2 spell: Throw Flame
  9552 | D:6      | You fall through a shaft!
  9625 | D:7      | Found a deep blue altar of Sif Muna.
  9965 | D:7      | Hit by a tomahawk thrown by an orc warrior

Skill      XL: |  1  2  3  4  5  6  7  8  9 |
---------------+----------------------------+-----
Earth Magic    | 4 5 6 7 9 10 | 10.5
Dodging        | 2 3 4 |  4.0
Spellcasting   | 3 4 5 6 |  6.9
Armour         | 1 2 3 |  3.2
Fighting       | 1 |  1.9
Maces & Flails | |  0.6
Stealth        | |  2.1
Shields        | |  0.9
Transmutations | |  0.7

Action                   |  1- 3 |  4- 6 |  7- 9 || total
-------------------------+-------+-------+-------++-------
Melee: Unarmed           |    41 |     4 |       ||    45
       Whip              |       |    58 |   409 ||   467
 Cast: Sandblast         |    71 |   126 |   314 ||   511
       Petrify           |       |       |    12 ||    12
       Stone Arrow       |       |       |     3 ||     3
       Lee's Rapid Decon |       |       |     5 ||     5
  Use: Scroll            |       |    10 |     3 ||    13
       Potion            |       |     5 |    14 ||    19
 Stab: Sleeping          |       |       |     2 ||     2
       Petrified         |       |       |     1 ||     1
  Eat: Chunk             |     2 |    11 |    13 ||    26
       Fruit             |       |       |     3 ||     3
       Meat ration       |       |       |     1 ||     1
       Pizza             |       |       |     1 ||     1
Armor: Robe              |    34 |     8 |       ||    42
       Leather armour    |       |    47 |   335 ||   382
Dodge: Dodged            |    60 |    98 |   424 ||   582
Block: Buckler           |    15 |    16 |    87 ||   118
